 Dungeon Crawl Stone Soup version 0.31-a0-221-gbddc013574 (webtiles) character file.

Game seed: 17911041778020250531

77 qw the Shooter (level 4, -4/36 HPs)
             Began as a Minotaur Hexslinger on July 3, 2023.
             Killed by divine providence
             ... invoked by an orc priest
              (10 damage)
             ... on level 3 of the Dungeon.
             The game lasted 00:00:35 (1625 turns).

qw the Shooter (Minotaur Hexslinger)                Turns: 1625, Time: 00:00:35

Health: -4/36      AC:  8    Str: 13    XL:     4   Next: 13%
Magic:  4/4        EV: 11    Int: 10    God:
Gold:   109        SH:  0    Dex: 14    Spells: 4/5 levels left

rFire   . . .        Y - +2 sling
rCold   . . .        (no shield)
rNeg    . . .        g - +0 ring mail
rPois   .            i - +2 hat
rElec   .            (no cloak)
rCorr   .            (no gloves)
SInv    .            e - +0 pair of boots
Will    .....        f - amulet of faith
Stlth   +            (no ring)
HPRegen 0.26/turn    (no ring)
MPRegen 0.09/turn

%: faith
@: lethally poisoned (-4 -> -22)
A: horns 2, retaliatory headbutt
a: no special abilities


You were on level 3 of the Dungeon.
You visited 1 branch of the dungeon, and saw 3 of its levels.

You collected 109 gold pieces.


Innate Abilities, Weirdness & Mutations

You have a pair of horns on your head.
You reflexively headbutt those who attack you in melee.


   Skills:
 - Level 2.0 Fighting
 + Level 4.4 Ranged Weapons
 - Level 1.0 Armour
 - Level 2.1 Dodging
 - Level 1.0 Spellcasting
 - Level 2.0 Hexes


You had 4 spell levels left.
You knew the following spells:

 Your Spells              Type           Power      Damage    Failure   Level
a - Slow                  Hex            16%        N/A       32%         1

Your spell library contained the following spells:

 Spells                   Type           Power      Damage    Failure   Level
 Inner Flame              Hex/Fire       2%         N/A       82%         3
 Portal Projectile        Hex/Tloc       4%         N/A       82%         3
 Cause Fear               Hex            2%         N/A       97%         4

Inventory:

Hand Weapons
 Y - a +2 sling (weapon)
Armour
 e - a +0 pair of boots (worn)
 g - a +0 ring mail (worn)
 i - a +2 hat (worn)
Jewellery
 f - an amulet of faith (around neck)
Scrolls
 a - a scroll of identify
 c - a scroll of enchant armour {unknown}
 j - a scroll of amnesia {unknown}
Potions
 b - a potion of heal wounds
 d - a potion of resistance
 h - 2 potions of curing

Dungeon Overview and Level Annotations

Branches:
Dungeon (3/15)

Altars:
Vehumet


Message History

A jackal comes into view.
The jackal moves out of view.
You shoot a sling bullet.
The sling bullet barely misses the orc priest.
The sling bullet hits the orc priest.
The orc priest is moderately wounded.
You shoot a sling bullet. The sling bullet hits the orc priest.
The orc priest is severely wounded.
You hear a bark!
The orc priest calls upon Beogh to heal the orc priest.
The orc priest is healed somewhat.
The orc priest hits you with a +0 whip.
The orc priest hits you with a +2 dagger of venom.
You are poisoned.
The rat completely misses you. The orc priest closely misses you.
You furiously retaliate!
You headbutt the orc priest. You shoot a sling bullet.
The sling bullet barely misses the orc priest.
You feel sick.
A jackal comes into view.
The orc priest calls down the wrath of Beogh upon you.
Beogh smites you!
The orc priest hits you but does no damage.
The rat completely misses you. You furiously retaliate!
You headbutt the rat.
You kill the rat!
You shoot a sling bullet.
The sling bullet barely misses the orc priest.
You feel sick.
The orc priest hits you but does no damage.
You are more poisoned.
The orc priest misses you.
You shoot a sling bullet. The jackal barks!
The sling bullet hits the orc priest.
The orc priest is almost dead.
You feel very sick.
The orc priest hits you with a +2 dagger of venom.
You are more poisoned.
The orc priest invokes the aid of Beogh against you.
Beogh smites you!
You die...

# # ##### ### ....#
#####.. #.### #####..#.h7
..# #......#..7 ####
#.##[..#.h77 ...#
#.##)..#%o)7 . ##.#
#.##...##@o77 ..#
#%#####.###...#...777...#
#.......# #...##.......#
######### #....##%...###
#......#~~~# #......#~~~#
#....##+w..# #...## .....
...>.# 777...


You could see 2 orc priests and 2 jackals.

Vanquished Creatures
  A gnoll (D:1)
  An adder (D:2)
  3 dart slugs
  2 orcs (D:3)
  6 endoplasms (D:1)
  5 giant cockroaches
  6 goblins
  5 hobgoblins
  A jackal (D:3)
  3 kobolds
  6 ball pythons
  A bat (D:1)
  3 frilled lizards
  3 rats
46 creatures vanquished.

Notes
Turn   | Place    | Note
-------+----------+-------------------------------------------
     0 | D:1      | qw the Minotaur Hexslinger began the quest for the Orb.
     0 | D:1      | Reached XP level 1. HP: 16/16 MP: 1/1
     0 | D:1      | 0 ||| qw: Version: 0.3-a-40-ge99b1a8
     0 | D:1      | 0 ||| qw: Game counter: 542
     0 | D:1      | 0 ||| qw: Melee chars always use a shield: true
     0 | D:1      | 0 ||| qw: God list: Okawaru
     0 | D:1      | 0 ||| qw: Allow faded altars: false
     0 | D:1      | 0 ||| qw: Do Orc after clearing Dungeon:15 true
     0 | D:1      | 0 ||| qw: Do second Lair branch before Depths: true
     0 | D:1      | 0 ||| qw: Lair rune preference: random
     0 | D:1      | 0 ||| qw: Goals: Normal
     0 | D:1      | 0 ||| PLANNING D:1-11
   104 | D:1      | Reached skill level 3 in Ranged Weapons
   104 | D:1      | Reached XP level 2. HP: 8/23 MP: 2/2
   339 | D:1      | 339 ||| FLEEEEING.
   342 | D:1      | 342 ||| FLEEEEING.
   351 | D:1      | Reached XP level 3. HP: 28/29 MP: 3/3
   914 | D:1      | 914 ||| UPGRADING to +0 pair of boots.
   919 | D:1      | 919 ||| UPGRADING to +2 hat.
   924 | D:1      | 924 ||| UPGRADING to +0 leather armour.
   934 | D:1      | 934 ||| DROPPING +0 robe.
   935 | D:1      | 935 ||| UPGRADING to amulet of faith.
   940 | D:1      | 940 ||| READING 3 scrolls labelled ASOTRE ZIOPU.
   941 | D:1      | 941 ||| READING scroll labelled BOONNU HEMIA.
   992 | D:1      | 992 ||| READING 2 scrolls of identify.
   992 | D:1      | 992 ||| IDENTIFYING fuming purple potion
   993 | D:1      | 993 ||| DROPPING scroll of poison.
  1045 | D:2      | Reached skill level 4 in Ranged Weapons
  1120 | D:2      | Found a radiant altar of Vehumet.
  1492 | D:2      | 1492 ||| UPGRADING to +0 ring mail.
  1502 | D:2      | 1502 ||| DROPPING +0 leather armour.
  1503 | D:2      | 1503 ||| READING scroll labelled WEUKHU XAZASS.
  1504 | D:2      | 1504 ||| DRINKING 2 murky clear potions.
  1505 | D:2      | 1505 ||| READING 3 scrolls of identify.
  1505 | D:2      | 1505 ||| IDENTIFYING bubbling black potion
  1506 | D:2      | 1506 ||| READING 2 scrolls of identify.
  1506 | D:2      | 1506 ||| IDENTIFYING black potion
  1507 | D:2      | 1507 ||| DROPPING potion of attraction.
  1582 | D:3      | Reached XP level 4. HP: 36/36 MP: 4/4
  1616 | D:3      | Reached skill level 1 in Armour
  1625 | D:3      | HP: 6/36 [orc priest/+2 dagger of venom (5)]
  1625 | D:3      | Killed from afar by an orc priest

Levels and vault maps discovered:
D:1:      psy_arrival_radial02, layout_loops_ring, minmay_misc_feat_chi
D:2:      minmay_general_purpose_star, layout_rooms, basic_altar
D:3:      layout_basic, mainiacjoe_overflow_two_lobes

Skill      XL: |  1  2  3  4 |
---------------+-------------+-----
Ranged Weapons | 3 4 |  4.4
Fighting       | 2 |  2.0
Armour         | 1 |  1.0
Dodging        | |  2.1
Spellcasting   | |  1.0
Hexes          | |  2.0

Action                     |  1- 3 |  4- 6 || total
---------------------------+-------+-------++-------
   Fire: Sling             |    92 |    24 ||   116
    Use: Scroll            |     6 |       ||     6
         Potion            |     1 |       ||     1
 Armour: Robe              |     3 |       ||     3
         Leather armour    |     4 |       ||     4
         Ring mail         |     1 |     8 ||     9
  Dodge: Dodged            |    25 |    11 ||    36

Table legend:
 A = Non-vault XP
 B = Vault XP
 C = Vault XP percentage of total XP
 D = Non-vault monster count
 E = Vault monster count
 F = Vault count percentage of total count
                 A         B        C        D         E       F
            +---------+---------+-------+---------+---------+-------
      Total |     104 |       6 |   5.5 |      44 |       2 |   4.3
            +---------+---------+-------+---------+---------+-------
        D:1 |      58 |       0 |   0.0 |      26 |       0 |   0.0
        D:2 |      27 |       6 |  18.2 |      10 |       2 |  16.7
        D:3 |      19 |       0 |   0.0 |       8 |       0 |   0.0
            +---------+---------+-------+---------+---------+-------
